 Dungeon Crawl Stone Soup version 0.22-a0-181-gb22368a (webtiles) character file.

77 KristoblXynda the Slasher (level 4, 0/39 HPs)
             Began as a Draconian Gladiator on Feb 14, 2018.
             Was an Initiate of Okawaru.
             Killed by nerve-wracking pain
             ... invoked by Jessica
              (1 damage)
             ... on level 2 of the Dungeon.
             The game lasted 00:01:57 (981 turns).

KristoblXynda the Slasher (Draconian Gladiator)      Turns: 981, Time: 00:01:58

Health: 0/39       AC:  5    Str: 16    XL:     4   Next: 14%
Magic:  4/4        EV: 13    Int:  9    God:    Okawaru [......]
Gold:   39         SH:  0    Dex: 11    Spells: 3/3 levels left

rFire    . . .     SeeInvis .   a - +0 long sword
rCold    . . .     Gourm    .   (no shield)
rNeg     . . .     Faith    .   (armour unavailable)
rPois    .         Spirit   .   b - +0 hat
rElec    .         Reflect  .   (no cloak)
rCorr    .         Harm     .   (no gloves)
MR       +....                  (no boots)
Stlth    +.........             (no amulet)
HPRegen  0.13/turn              (no ring)
MPRegen  0.09/turn              (no ring)

@: very slightly contaminated, invisible
A: unfitting armour, stinger 1, clumsy 1, magic resistance 1, robust 1,
cold-blooded, AC +5
a: Renounce Religion


You were on level 2 of the Dungeon.
You worshipped Okawaru.
Okawaru was noncommittal.
You were not hungry.

You visited 1 branch of the dungeon, and saw 2 of its levels.

You collected 39 gold pieces.

Inventory:

Hand Weapons
 a - a +0 long sword (weapon)
Missiles
 c - 3 throwing nets (quivered)
Armour
 b - a +0 hat (worn)
Scrolls
 e - a scroll of identify {unknown}
 f - a scroll of remove curse {unknown}
 g - a scroll of random uselessness {unknown}
 h - a scroll of fear {unknown}
 j - a scroll of enchant armour {unknown}
Potions
 i - a potion of invisibility
Comestibles
 d - 4 rations


   Skills:
 - Level 2.1 Fighting
 * Level 4.2 Long Blades
 - Level 2.1 Throwing
 + Level 3.3 Dodging


You had 3 spell levels left.
You didn't know any spells.

Dungeon Overview and Level Annotations

Branches:
Dungeon (2/15)

Altars:
Ashenzari
Okawaru
Ru

Annotations:
D:2 Jessica


Innate Abilities, Weirdness & Mutations

Your plain brown scales are hard. (AC +5)
You cannot fit into any form of body armour.
You are cold-blooded and may be slowed by cold attacks.
Your tail ends in a poisonous barb.
You are clumsy. (Dex -2)
You are resistant to hostile enchantments. (MR+)
You are robust. (+10% HP)


Message History

It was a potion of invisibility.
You fade into invisibility!
You are very lightly contaminated with residual magic.
It was a potion of mutation.
You feel extremely strange.
You feel robust.
You feel resistant to hostile enchantments.
You feel clumsy.
A poisonous barb forms on the end of your tail.
You hit Jessica.
Jessica is heavily wounded.
Jessica barely misses you.
You barely miss Jessica.
Your tail-slap misses Jessica.
Jessica is heavily wounded.
Jessica hits you with a dagger.
* * * LOW HITPOINT WARNING * * *
You closely miss Jessica.
Jessica is heavily wounded.
Jessica casts a spell at you. Pain shoots through your body!
You die...

#### ##... # ....
.## #.'##...# ##
#...#.... #..
#.........
...###@..####.. #.
..#⌠.##@##.⌠...
#......@.......#
#.#####...)...####
#.#...........#...
#.#...+..._...'...
#.#...#.......#...
#.####........#.##
#....#††.......#.


You could see Jessica.

Vanquished Creatures
  An orc wizard (D:2)
  An adder (D:2)
  A dart slug (D:1)
  A leopard gecko (D:1)
  A ball python (D:2)
  5 goblins
  12 jackals
  A quokka (D:2)
  5 bats
  2 frilled lizards (D:2)
  2 kobolds
  2 rats (D:1)
34 creatures vanquished.

Notes
Turn   | Place    | Note
-------+----------+-------------------------------------------
     0 | D:1      | KristoblXynda the Draconian Gladiator began the quest for the Orb.
     0 | D:1      | Reached XP level 1. HP: 17/17 MP: 1/1
   128 | D:1      | Reached XP level 2. HP: 9/24 MP: 2/2
   793 | D:2      | Found an iron altar of Okawaru.
   822 | D:2      | Reached XP level 3. HP: 28/29 MP: 3/3
   834 | D:2      | Became a worshipper of Warmaster Okawaru
   885 | D:2      | Found a sacrificial altar of Ru.
   901 | D:2      | Reached skill level 4 in Long Blades
   949 | D:2      | Found a shattered altar of Ashenzari.
   953 | D:2      | Reached XP level 4. HP: 22/36 MP: 4/4
   970 | D:2      | Noticed Jessica
   975 | D:2      | HP: 1/36 [Jessica/nerve-wracking pain (11)]
   978 | D:2      | Gained mutation: You are robust. (+10% HP) [potion of mutation]
   978 | D:2      | Gained mutation: You are resistant to hostile enchantments. (MR+) [potion of mutation]
   978 | D:2      | Gained mutation: You are clumsy. (Dex -2) [potion of mutation]
   978 | D:2      | Gained mutation: Your tail ends in a poisonous barb. [potion of mutation]
   980 | D:2      | HP: 1/39 [Jessica/dagger (1)]
   981 | D:2      | Killed from afar by Jessica

Vault maps used:
D:1:      dpeg_arrival_simpleton_b
D:2:      okawaru_gym_becter, evilmike_ruin_ashenzari,
          nicolae_ru_great_annihilating_truth, first_ration, uniq_jessica

Skill      XL: |  1  2  3 |
---------------+----------+-----
Throwing       | 2 |  2.1
Dodging        | 3 |  3.3
Long Blades    | 4 |  4.2
Fighting       | |  2.1

Action                   |  1- 3 |  4- 6 || total
-------------------------+-------+-------++-------
Melee: Long sword        |    71 |    11 ||    82
       Tailslap          |     9 |     1 ||    10
  Use: Potion            |       |     2 ||     2
 Stab: Sleeping          |     1 |       ||     1
       Invisible         |     1 |       ||     1
       Paralysed         |     1 |       ||     1
Armor: Skin              |    27 |     4 ||    31
Dodge: Dodged            |    59 |     7 ||    66
       Rpst.: Long sword |    28 |     1 ||    29

Table legend:
 A = Spawn XP
 B = Non-spawn XP
 C = Spawn XP percentage of total XP
 D = Spawn monster count
 E = Non-spawn monster count
 F = Spawn count percentage of total count
 G = Total turns spent on level
                    A         B        C        D         E        F      G
               +---------+---------+-------+---------+---------+-------+---------
         Total |       0 |     111 |   0.0 |       0 |      34 |   0.0 |   981
               +---------+---------+-------+---------+---------+-------+---------
           D:1 |       0 |      26 |   0.0 |       0 |      14 |   0.0 |   777
           D:2 |       0 |      85 |   0.0 |       0 |      20 |   0.0 |   204
               +---------+---------+-------+---------+---------+-------+---------
